 Dungeon Crawl Stone Soup version 0.31-a0-1469-gd420192249 (webtiles) character file.

Game seed: 13020247476245288838

42 dialectric the Covered (level 3, -2/33 HPs)
             Began as a Minotaur Fighter on Dec 29, 2023.
             Slain by an orc
             ... wielding a +0 morningstar
              (8 damage)
             ... on level 3 of the Dungeon.
             The game lasted 00:00:58 (1429 turns).

dialectric the Covered (Minotaur Fighter)           Turns: 1429, Time: 00:00:59

Health: -2/33      AC:  7    Str: 20    XL:     3   Next: 35%
Magic:  2/2        EV: 10    Int:  5    God:
Gold:   98         SH:  0    Dex: 11    Spells: 2/2 levels left

rFire   . . .        a - +0 flail
rCold   . . .        (no shield)
rNeg    . . .        b - +0 scale mail
rPois   .            (helmet restricted)
rElec   .            (no cloak)
rCorr   .            (no gloves)
SInv    .            (no boots)
Will    .....        (no amulet) Stlth
                     (no ring)
HPRegen 0.25/turn    (no ring)
MPRegen 0.08/turn

%: no passive effects
@: no status effects
A: horns 2, retaliatory headbutt
a: no special abilities


You were on level 3 of the Dungeon.
You visited 1 branch of the dungeon, and saw 3 of its levels.

You collected 98 gold pieces.

Inventory:

Hand Weapons
 a - a +0 flail (weapon)
Armour
 b - a +0 scale mail (worn)
 c - a +0 buckler
Scrolls
 f - a scroll of noise {unknown}
 g - 2 scrolls of immolation
 h - 2 scrolls of teleportation {unknown}
Potions
 d - a potion of might
 e - 2 potions of curing {unknown}


   Skills:
 + Level 4.0 Fighting
 + Level 2.9 Maces & Flails
 + Level 4.1 Armour
 * Level 2.0 Dodging
 - Level 3.6 Shields


You had 2 spell levels left.
You didn't know any spells.
Your spell library contained the following spells:

 Spells                   Type           Power      Damage    Failure   Level
 Inner Flame              Hex/Fire       0%         N/A       99%         3
 Flame Wave               Conj/Fire      0%         2d4       100%        4
 Sticky Flame             Fire/Alch      0%         2d4       100%        4


Dungeon Overview and Level Annotations

Branches:
Dungeon (3/15)

Altars:


Innate Abilities, Weirdness & Mutations

You have a pair of horns on your head.
You reflexively headbutt those who attack you in melee.


Message History

There is an open door here.
There is an open door here.
There is an open door here.
There is an open door here.
There is a stone staircase leading down here.
You climb downwards.
There is a stone staircase leading up here.
Sorry, I don't know how to get there.
Unknown command.
No target in view! 2 orcs come into view.
The orc shouts! x2; You hear a shout!
An orc comes into view. It is wielding a +0 short sword.
An orc comes into view. It is wielding a +0 morningstar.
There are monsters nearby!
There are monsters nearby!
The orc hits you but does no damage. The orc hits you with a +0 trident!
The orc closely misses you. The orc attacks as it pursues you!
The orc hits you with a +0 club. The orc attacks as it pursues you!
The orc hits you with a +0 club. The orc hits you but does no damage.
You closely miss the orc. The orc barely misses you. The orc misses you.
You thump the orc!
You kill the orc!
Your Dodging skill increases to level 2!
An orc comes into view. It is wielding a +0 mace.
The orc hits you with a +0 morningstar.
The orc hits you from afar with a +0 trident.
You see here a +0 club.
Unknown command.
You are too injured to fight recklessly!
The orc barely misses you. The orc hits you with a +0 trident.
You are too injured to fight recklessly!
You are too injured to fight recklessly!
The orc hits you but does no damage.
The orc hits you from afar with a +0 trident!
* * * LOW HITPOINT WARNING * * *
You see here a +0 club.
The orc attacks as it pursues you! The orc hits you with a +0 morningstar!
You die...

#..... .....
#####...# ........#
........# ........#
........#
.......<#####
###.#....@o.######.#
#######.o.......
##o.#####. #..o.#
......##.# ....##
#...# ...# ##..# ...
.... .. .....


You could see 2 orcs.

Vanquished Creatures
  2 worms (D:2)
  An orc (D:3)
  2 ball pythons
  2 bats (D:1)
  7 goblins
  4 hobgoblins
  4 jackals (D:2)
  5 frilled lizards (D:1)
  3 kobolds
  3 rats (D:1)
33 creatures vanquished.

Notes
Turn   | Place    | Note
-------+----------+-------------------------------------------
     0 | D:1      | dialectric the Minotaur Fighter began the quest for the
                  | Orb.
     0 | D:1      | Reached XP level 1. HP: 19/19 MP: 0/0
   198 | D:1      | Reached skill level 1 in Dodging
   198 | D:1      | Reached XP level 2. HP: 27/27 MP: 1/1
   925 | D:2      | Reached XP level 3. HP: 33/33 MP: 2/2
  1025 | D:2      | Found a faded altar of an unknown god.
  1429 | D:3      | Slain by an orc

Illustrated notes

Levels and vault maps discovered:
D:1:      mrwooster_arrival_statue, layout_basic, serial_bayou_ford_a
D:2:      minmay_door_path, layout_loops_ring,
          hellmonk_ecumenical_altar_blasted, minivault_24,
          kennysheep_generic_room_12
D:3:      layout_rooms, minmay_misc_feat_five

Skill      XL: |  1  2  3 |
---------------+----------+-----
Dodging        | 1 2 |  2.0
Armour         | 4 |  4.1
Fighting       | 4 |  4.0
Maces & Flails | |  2.9
Shields        | |  3.6

Action                     || total
---------------------------++-------
  Melee: Flail             ||    80
         Headbutt          ||     8
         Punch             ||     1
 Armour: Scale mail        ||    59
  Dodge: Dodged            ||    40

Table legend: (Time is in decaauts)
 A = Elapsed time spent in this place.
 B = Non-inter-level travel time spent in this place.
 C = Inter-level travel time spent in this place.
 D = Time resting spent in this place.
 E = Time spent auto-exploring this place.
 F = Levels seen in this place.
 G = Mean time per level.
                   A        B        C        D        E       F      G
               +--------+--------+--------+--------+--------+-----+--------+
         Total |   1453 |   1315 |    138 |      0 |   1094 |   3 |  484.3 |
       Dungeon |   1453 |   1315 |    138 |      0 |   1094 |   3 |  484.3 |
               +--------+--------+--------+--------+--------+-----+--------+

Top non-repeatable levels by time:
     D:2: 944 daAuts
     D:1: 487 daAuts
     D:3: 21 daAuts
